 Dungeon Crawl Stone Soup version 0.18-a0-1496-g27d3123 (webtiles) character file.

3018 IcyTea the Spear-Bearer (level 9, -9/106 HPs)
             Began as a Merfolk Chaos Knight on Feb 28, 2016.
             Killed from afar by a fire dragon (32 damage)
             ... with a blast of flame
             ... on level 8 of the Dungeon on Mar 4, 2016.
             The game lasted 00:52:17 (8360 turns).

IcyTea the Spear-Bearer (Merfolk Chaos Knight)      Turns: 8360, Time: 00:52:23

Health: -9/106     AC: 24    Str: 12    XL:     9   Next: 85%
Magic:  11/11      EV:  2    Int: 15    God:    Xom [.....*]
Gold:   344        SH:  0    Dex: 18    Spells: 0 memorised, 8 levels left

rFire  . . .     SeeInvis .     l - +4 lajatang
rCold  . . .     Gourm    .     (armour currently unavailable)
rNeg   + + +     Faith    .     (shield currently unavailable)
rPois  +         Spirit   .     (helmet currently unavailable)
rElec  .         Dismiss  .     (cloak currently unavailable)
rCorr  .         Reflect  .     (gloves currently unavailable)
SustAt .         Harm     .     (boots currently unavailable)
MR     ++...     Clarity  +     (no amulet)
Stlth  ++++...... NoTele   +    m - ring of stealth
                                j - +3 ring of dexterity

@: tree-form, very resistant to hostile enchantments, stealthy
A: (change form in water), (swift swim), (beak), (horns 0), (iridescent scales
0), (slimy green scales 0), thin skeletal structure 1, clarity, magic resistance
2, robust 1
a: Renounce Religion


You were on level 8 of the Dungeon.
You worshipped Xom.
You were Xom's teddy bear.
You were hungry.
You were a tree.
You visited 3 branches of the dungeon, and saw 10 of its levels.

You collected 344 gold pieces.

Inventory:

Hand Weapons
 a - a +1 spear of chaos
 l - a +4 lajatang (weapon)
 y - a +2 quarterstaff of chaos
 G - a +0 halberd
Missiles
 n - 7 javelins (quivered)
 D - 3 throwing nets
 I - 8 tomahawks
Armour
 b - a +2 leather armour (melded)
 d - a +1 helmet
 v - a +1 pair of gloves (melded)
 z - a +1 cloak (melded)
Jewellery
 h - an uncursed ring of flight
 j - a +3 ring of dexterity (left branch)
 k - an uncursed ring of ice
 m - a ring of stealth (right branch)
 w - an uncursed ring of magical power
Wands
 q - a wand of lightning (9/15)
 u - a wand of flame (26/48)
 H - a wand of polymorph (8/24)
Scrolls
 f - a scroll of identify
 g - 2 scrolls of fog
 p - a scroll of remove curse
 r - a scroll of recharging
 s - a scroll of magic mapping
 C - a scroll of blinking
Potions
 o - 2 potions of haste
 t - a potion of cancellation
 J - a potion of might
Miscellaneous
 x - a stone of tremors (inert)
Comestibles
 c - 9 bread rations
 i - 7 meat rations
 A - 3 beef jerkies
 B - 7 slices of pizza
 E - a royal jelly


   Skills:
 + Level 4.2 Fighting
 - Level 14.5(15.5) Polearms
 - Level 5.6(8.1) Staves
 - Level 0.6 Armour
 - Level 3.1 Dodging
 - Level 2.0 Stealth
 - Level 3.0 Evocations


You had 8 spell levels left.
You didn't know any spells.

Dungeon Overview and Level Annotations

Branches:
Dungeon (8/15)             Temple (1/1) D:7            Lair (1/8) D:8

Altars:
Ashenzari
Cheibriados
Dithmenos
Elyvilon
Fedhas
Gozag
Kikubaaqudgha
Makhleb
Nemelex Xobeh
Okawaru
Pakellas
Qazlal
Ru
Trog
Vehumet
Xom
Yredelemnul
Zin
The Shining One

Shops:
D:8 ?

Annotations:
D:6 Prince Ribbit


Innate Abilities, Weirdness & Mutations

((You revert to your normal form in water.))
((You are very nimble and swift while swimming.))
((You have a beak for a mouth.))
((You have a pair of small horns on your head.))
((You are partially covered in iridescent scales (AC +4).))
((You are partially covered in slimy green scales (AC +2).))
You have a somewhat thin skeletal structure (Dex +2, Stealth).
You possess an exceptional clarity of mind.
You are highly resistant to hostile enchantments.
You are robust (+10% HP).


Message History

* * * LOW HITPOINT WARNING * * *
The fire dragon claws you but does no damage.
The fire dragon tramples you but does no damage.
Drink which item? (? for menu, Esc to quit)
You feel better. The fire dragon completely misses you.
The fire dragon claws you but does no damage.
The fire dragon barely misses you.
Drink which item? (? for menu, Esc to quit)
You feel better. Xom's power flows through you!
You radiate an aura of cold.
The fire dragon seems to slow down.
That item cannot be evoked!
Evoke which item? (* to show all) (? for menu, Esc to quit)
The dungeon trembles and rubble falls from the walls!
The falling rubble misses the fire dragon.
The door collapses! x2; The rubble rises up and takes form.
The fire dragon breathes flames at you. The blast of flame hits you!
You die...
Xom snickers!

#P..#.###..#.....# #..##...#
#.....# #........# #..##...#
#....#..#..#.....###..#....#
##..........#.E............#
.#.#....#...#..####...##.###
.#.###.##....#..#.#...##.#
##.# .##..#.#...#.#####.# #..#
#.........#..# #.# #..##
#.##...#♣..#####.#### +...#
#......D.)........#
#...########...#)##.####.##.#
.........##......# # #.##.#
####.....#.......#######.##.#
#.............#.......##.#
#...........>...########.#####
#.....#..........###.........#
#.....#.......#........#######


You could see a fire dragon and a friendly earth elemental.

Vanquished Creatures
  A yak (D:7)
  A human (D:7)
  A steam dragon (D:7)
  Duvessa (D:5)
  2 orc warriors (D:8)
  4 sky beasts
  An ice beast (D:8)
  A wasp (D:7)
  2 ogres
  3 centaurs
  2 giant frogs
  Dowan (D:5)
  A scorpion (D:5)
  2 howler monkeys
  2 crimson imps
  A giant frog skeleton (D:4)
  A hound (D:4)
  2 orc priests (D:4)
  A quasit (D:8)
  Crazy Yiuf (D:6)
  A centaur skeleton (D:8)
  3 jellies (D:8)
  2 orc wizards
  An iguana (shapeshifter) (D:8)
  7 worker ants
  4 iguanas
  A killer bee zombie (D:6)
  3 sheep (D:7)
  2 worker ant zombies
  7 gnolls
  A howler monkey skeleton (D:8)
  10 adders
  A shadow imp (D:8)
  2 oozes
  4 worms
  A dart slug (D:2)
  A giant gecko (D:2)
  20 orcs
  8 giant cockroaches
  13 goblins
  11 hobgoblins
  7 jackals (D:1)
  16 kobolds
  4 quokkas
  10 bats
  A giant gecko skeleton (D:4)
  A giant newt (D:2)
  A jackal skeleton (D:4)
  7 rats
181 creatures vanquished.

Vanquished Creatures (collateral kills)
  A phantom (D:7)
  An orc (D:8)
  A goblin (D:8)
  A kobold (D:8)
4 creatures vanquished.

Grand Total: 185 creatures vanquished

Notes
Turn   | Place    | Note
--------------------------------------------------------------
     0 | D:1      | IcyTea the Merfolk Chaos Knight began the quest for the Orb.
     0 | D:1      | Reached XP level 1. HP: 18/18 MP: 1/1
    98 | D:1      | Reached XP level 2. HP: 14/24 MP: 2/2
   398 | D:1      | Reached skill level 5 in Polearms
   446 | D:1      | Reached XP level 3. HP: 29/29 MP: 3/3
   519 | D:1      | XOM: harmless Tloc miscast
   709 | D:1      | Reached skill level 6 in Polearms
  1009 | D:2      | Reached XP level 4. HP: 36/36 MP: 4/4
  2025 | D:3      | XOM: divination: detect items
  2043 | D:3      | Reached skill level 7 in Polearms
  2063 | D:3      | XOM: polymorph orc -> quokka
  2378 | D:3      | Reached XP level 5. HP: 39/41 MP: 5/5
  2528 | D:3      | Found a sacrificial altar of Ru.
  2529 | D:3      | Found a white marble altar of Elyvilon.
  2691 | D:3      | Found an iron altar of Okawaru.
  2768 | D:4      | Reached skill level 8 in Polearms
  2847 | D:4      | XOM: fake destruction
  2851 | D:4      | Noticed an ogre
  2851 | D:4      | XOM: summons friendly white imp
  2869 | D:4      | XOM: god gift: runed lajatang {god gift}
  2869 | D:4      | XOM: butterfly on damage
  2872 | D:4      | XOM: silly message
  2876 | D:4      | XOM: give mutations
  2876 | D:4      | Gained mutation: You are partially covered in slimy green scales (AC +2). [Xom's grace]
  2876 | D:4      | Gained mutation: You are resistant to hostile enchantments. [Xom's grace]
  2876 | D:4      | Gained mutation: You have a beak for a mouth. [Xom's grace]
  2940 | D:4      | Noticed a boggart
  2940 | D:4      | an ogre changed into a boggart
  2940 | D:4      | XOM: polymorph ogre -> boggart
  2946 | D:4      | XOM: enchant monster (good)
  3130 | D:4      | Reached skill level 9 in Polearms
  3130 | D:4      | Reached XP level 6. HP: 42/47 MP: 6/6
  3149 | D:4      | XOM: god gift: glowing granite ring {god gift}
  3154 | D:4      | Found a shimmering altar of Xom.
  3154 | D:4      | Found a burning altar of Makhleb.
  3193 | D:4      | Reached skill level 1 in Staves
  3302 | D:4      | XOM: summons 3 hostile demons
  3572 | D:4      | XOM: butterfly on damage
  3843 | D:4      | Reached XP level 7. HP: 52/52 MP: 7/7
  4053 | D:4      | Found a burning altar of Makhleb.
  4110 | D:4      | XOM: medium Necr miscast
  4176 | D:4      | XOM: give mutations
  4176 | D:4      | Gained mutation: You possess an exceptional clarity of mind. [Xom's grace]
  4176 | D:4      | Gained mutation: You are highly resistant to hostile enchantments. [Xom's grace]
  4327 | D:5      | Entered Level 5 of the Dungeon
  4362 | D:5      | XOM: god gift: scroll labeled ALAOLI ROUS
  4392 | D:5      | Found an oddly glowing altar of Pakellas.
  4804 | D:5      | Noticed Duvessa
  4808 | D:5      | Noticed Dowan
  4813 | D:5      | XOM: confuse monster(s)
  4816 | D:5      | Killed Dowan
  4816 | D:5      | Reached skill level 10 in Polearms
  4879 | D:5      | XOM: cast spell 'Hydra Form'
  4894 | D:5      | Killed Duvessa
  4894 | D:5      | Reached XP level 8. HP: 51/59 MP: 8/8
  4999 | D:5      | XOM: mild Tloc miscast
  5005 | D:5      | XOM: draining
  5220 | D:6      | Found a shadowy altar of Dithmenos.
  5285 | D:6      | XOM: cast spell 'Summon Butterflies'
  5305 | D:6      | Reached skill level 11 in Polearms
  5361 | D:6      | XOM: divination: magic mapping
  5487 | D:6      | XOM: 3-stop teleportation journey
  5666 | D:6      | Found an opulent altar of Gozag.
  5666 | D:6      | Found a bloodstained altar of Trog.
  5678 | D:6      | XOM: destruction
  5795 | D:6      | Noticed Crazy Yiuf
  5800 | D:6      | Killed Crazy Yiuf
  5800 | D:6      | Reached skill level 12 in Polearms
  5945 | D:6      | Noticed Prince Ribbit
  5947 | D:6      | XOM: 2-stop teleportation journey
  5975 | D:6      | XOM: scenery: create altars
  6048 | D:7      | HP: 2/59 [poisoned by a wasp]
  6053 | D:7      | Gained mutation: You are partially covered in iridescent scales (AC +4). [potion of mutation]
  6053 | D:7      | Gained mutation: You have a pair of small horns on your head. [potion of mutation]
  6053 | D:7      | Gained mutation: You have a somewhat thin skeletal structure (Dex +2, Stealth). [potion of mutation]
  6202 | D:7      | XOM: god gift: plate armour {god gift}
  6215 | D:7      | XOM: divination: detect creatures
  6388 | D:7      | Noticed a yak
  6402 | D:7      | XOM: fog
  6404 | D:7      | Reached skill level 13 in Polearms
  6407 | D:7      | Killed a yak
  6407 | D:7      | Reached XP level 9. HP: 30/64 MP: 9/9
  6424 | D:7      | Reached skill level 14 in Polearms
  6794 | D:7      | Gained mutation: You are robust (+10% HP). [mutagenic meat]
  6807 | D:7      | Found a staircase to the Ecumenical Temple.
  6816 | Temple   | Entered the Ecumenical Temple
  6887 | D:7      | XOM: god gift: scroll of enchant armour
  6991 | D:7      | XOM: summons friendly smoke demon
  7242 | D:8      | XOM: polymorph centaur -> killer bee
  7254 | D:8      | Reached skill level 5 in Staves
  7271 | D:8      | XOM: summons friendly white imp
  7281 | D:8      | XOM: destruction
  7291 | D:8      | XOM: potion effect (agility)
  7335 | D:8      | XOM: god gift: stone of tremors
  7351 | D:8      | Upgraded the game from 0.18-a0-1433-g1d8109a to 0.18-a0-1496-g27d3123
  7649 | D:8      | XOM: scenery: 2 doors open, 3 doors close
  7698 | D:8      | Noticed a seven-headed hydra
  7699 | D:8      | Found Vourag's Magic Scroll Shop.
  7755 | D:8      | Reached skill level 1 in Evocations
  7829 | D:8      | XOM: 1-stop teleportation journey
  7885 | D:8      | Found a staircase to the Lair.
  7894 | Lair:1   | Entered Level 1 of the Lair of Beasts
  7925 | D:8      | XOM: swap monsters
  8314 | D:8      | XOM: enchant monster (good)
  8349 | D:8      | Noticed a fire dragon
  8349 | D:8      | a seven-headed hydra changed into a fire dragon
  8349 | D:8      | XOM: polymorph seven-headed hydra -> fire dragon
  8359 | D:8      | XOM: cast spell 'Metabolic Englaciation'
  8360 | D:8      | Killed from afar by a fire dragon

Vault maps used:
D:1:      dpeg_arrival_tiny_d, minmay_misc_feat_columns, minmay_misc_feat_x,
          minmay_surrounded
D:3:      okawaru_metal_pillars_1_2, minitemple, kennysheep_generic_room_10
D:4:      grunt_temple_overflow_champion_of_chaos, bloody_makhleb
D:5:      first_bread, basic_altar, uniq_duvessa
D:6:      gammafunk_temple_overflow_pools, nicolae_dithmenos_the_darkroom,
          uniq_crazy_yiuf_cottage, uniq_prince_ribbit1
D:7:      minmay_temple_entry_purple_smoke, grunt_livestock
D:8:      corexii_shantytown, lair_0_dummy, serial_shops, shop
Temple:   triangle_lava_temple_12
Lair:1:   infiniplex_staircase_pool, serial_bayou_shore_a

Skill      XL: |  1  2  3  4  5  6  7  8  9 |
---------------+----------------------------+-----
Polearms       | 5 6 7 9 10 13 14 | 14.5
Staves         | 3 4 5 |  5.6
Dodging        | 3 |  3.1
Stealth        | 2 |  2.0
Fighting       | 4 |  4.2
Evocations     | 3 |  3.0
Armour         | |  0.6

Action                   |  1- 3 |  4- 6 |  7- 9 || total
-------------------------+-------+-------+-------++-------
Melee: Spear             |   127 |   148 |       ||   275
       Lajatang          |       |    46 |   269 ||   315
       Unarmed           |       |       |     5 ||     5
Evoke: Stone of tremors  |       |       |     1 ||     1
  Use: Scroll            |     2 |     3 |    16 ||    21
       Potion            |     1 |     7 |    19 ||    27
 Stab: Paralysed         |     1 |       |       ||     1
       Distracted        |       |     1 |     2 ||     3
       Confused          |       |     1 |     2 ||     3
       Sleeping          |       |       |    18 ||    18
  Eat: Chunk             |       |    10 |    12 ||    22
       Beef jerky        |       |       |     1 ||     1
